[Event "Team 45 45 League T40"]
[Site "Internet Chess Club"]
[Date "2009.02.06"]
[Round "2"]
[White "ShanghaiTom"]
[Black "Portola"]
[Result "0-1"]
[WhiteElo "1737"]
[BlackElo "1825"]
[Opening "French: exchange variation"]
[ECO "C01"]
[Time "23:01:37"]
[TimeControl "2700+45"]

1. e4 e6 2. d4 d5 3. exd5 exd5 4. c4 c6 5. Nc3 Nf6 6. Nf3 Bg4 7. Be2 Nbd7 8. c5
Be7 9. O-O O-O 10. b4 Re8 11. h3 Bh5 12. Re1 Bg6 13. Bf4 Ne4 14. Nxe4 Bxe4 15.
Bd3 Nf6 16. Ng5 Bxd3 17. Qxd3 h6 18. Nf3 a6 19. Re2 Ne4 20. Rae1 f5 21. Nd2 Bf6
22. f3 Bh4 23. fxe4 Bxe1 24. Rxe1 Qh4 25. Bg3 fxe4 26. Qe3 Qh5 27. Bd6 Re6 28.
Rf1 Rf6 29. Be5 Rxf1+ 30. Nxf1 Rf8 31. Qg3 Rf7 32. Qg4 Qxg4 33. hxg4 g6 34. Ne3
Kh7 35. a4 h5 36. gxh5 gxh5 37. Bg3 Kg6 38. Kh2 Kg5 39. Kh3 Kg6 40. Bh4 Rf8 41.
Kg3 Rf7 42. Bd8 Kh6 43. Bh4 Kg6 44. b5 axb5 45. axb5 Rf8 46. bxc6 bxc6 47. Be7
Rb8 48. Kf4 Kf7 49. Bd6 Rg8 50. Kf5 Ke8 51. Kf6 Kd7 52. Kf7 Ra8 53. Kg6 Ra3 54.
Bf4 h4 55. Kg5 Rd3 56. Kxh4 Rxd4 57. g4 Ra4 58. g5 d4 59. Nf5 e3 60. g6 e2 61.
Bg3 d3+ 62. Kg5 d2 63. g7 d1=Q 64. g8=Q Rg4+ 65. Kxg4 e1=Q+ 66. Kh4 Qh1+ 67. Kg5
Qhh5+ 68. Kf4 Qdf3+ 69. Ke5 Qhxf5+ 70. Kd4 Q3d3# {White checkmated} 0-1

[Event "Team 45 45 League T40"]
[Site "Internet Chess Club"]
[Date "2009.02.07"]
[Round "2"]
[White "lisof"]
[Black "clarinetref"]
[Result "1-0"]
[WhiteElo "1845"]
[BlackElo "1723"]
[Opening "Pirc: Austrian attack, dragon formation"]
[ECO "B07"]
[Time "20:08:16"]
[TimeControl "2700+45"]

1. e4 d6 2. d4 g6 3. Nc3 Bg7 4. f4 Nf6 5. Nf3 c5 6. e5 Ng4 7. Bb5+ Bd7 8. Bxd7+
Nxd7 9. e6 Ndf6 10. Ng5 fxe6 11. Nxe6 Qd7 12. d5 Kf7 13. h3 Nh6 14. g4 Ne8 15.
f5 Nc7 16. Qf3 gxf5 17. gxf5 Rhf8 18. Bxh6 Bxh6 19. Qh5+ Kg8 20. Qxh6 Rf6 21.
Qg7# {Black checkmated} 1-0

[Event "Team 45 45 League T40"]
[Site "Internet Chess Club"]
[Date "2009.02.10"]
[Round "2"]
[White "g8wrb"]
[Black "jrichman38"]
[Result "1-0"]
[WhiteElo "1538"]
[BlackElo "1430"]
[Opening "Sicilian: Alapin's variation (2.c3)"]
[ECO "B22"]
[Time "11:00:11"]
[TimeControl "2700+45"]

1. e4 c5 2. c3 Nf6 3. e5 Nd5 4. d4 cxd4 5. cxd4 d6 6. Nf3 e6 7. Bd3 Nc6 8. O-O
Qc7 9. Re1 Be7 10. Nc3 Nxc3 11. bxc3 d5 12. Rb1 O-O 13. Qc2 Na5 14. Bxh7+ Kh8
15. Bd3 Bd7 16. Qd2 f6 17. Nh4 Be8 18. Bg6 Kg8 19. Bxe8 Rfxe8 20. exf6 Bxf6 21.
Nf3 Nc4 22. Qd3 Rab8 23. Qg6 Qf7 24. Qg3 Qh5 25. Bf4 Rbc8 26. Rxb7 Re7 {Black
resigns} 1-0

[Event "Team 45 45 League T40"]
[Site "Internet Chess Club"]
[Date "2009.02.10"]
[Round "2"]
[White "rubo"]
[Black "budugu"]
[Result "1-0"]
[WhiteElo "1738"]
[BlackElo "1544"]
[Opening "Bird's opening"]
[ECO "A03"]
[Time "23:09:50"]
[TimeControl "2700+45"]

1. f4 d5 2. Nf3 c6 3. b3 Bg4 4. e3 Nf6 5. Bb2 Nbd7 6. Be2 Bxf3 7. Bxf3 e6 8. O-O
Be7 9. Nc3 O-O 10. Ne2 Qb6 11. Ng3 Nc5 12. Bd4 Qd8 13. d3 Rc8 14. Qd2 Ncd7 15.
Nh5 Nxh5 16. Bxh5 Bf6 17. Rf3 Bxd4 18. exd4 Nf6 19. Rh3 Nxh5 20. Rxh5 Qf6 21. c3
c5 22. dxc5 Rxc5 23. d4 Rc7 24. Rf1 g6 25. Rh3 Qf5 26. Rff3 Kg7 27. Rh4 h6 28.
Rfh3 Rh8 29. g4 Qb1+ 30. Kf2 f5 31. gxf5 Qxf5 32. Re3 g5 33. Re5 Qf6 34. Rg4 Rf7
35. Kg3 Kf8 36. Qe3 gxf4+ 37. Rxf4 Qg6+ 38. Rg4 Qh7 39. Rxe6 Re7 40. Rxe7 Qxe7
41. Qxe7+ Kxe7 42. Rg7+ Kd6 43. Rxb7 Rc8 44. Rxa7 Rxc3+ 45. Kg4 Re3 46. Ra6+ Kc7
47. Ra4 Re2 48. h4 Kb6 49. Kh5 Re6 50. Ra8 Kb5 51. Rb8+ Ka5 52. a4 Rd6 53. Rb5+
Ka6 54. b4 Ka7 55. a5 Ka6 56. Rb6+ Rxb6 57. axb6 Kxb6 58. Kxh6 Kb5 59. Kg5 Kxb4
60. Kf4 Kc4 61. Ke5 {Black resigns} 1-0

[Event "Team 45 45 League T40"]
[Site "Internet Chess Club"]
[Date "2009.02.08"]
[Round "2"]
[White "allanchs"]
[Black "rayngrant"]
[Result "1/2-1/2"]
[WhiteElo "1533"]
[BlackElo "1545"]
[Opening "French: Tarrasch, open variation, main line"]
[ECO "C09"]
[Time "10:01:58"]
[TimeControl "2700+45"]

1. e4 e6 2. d4 d5 3. Nd2 c5 4. exd5 exd5 5. Ngf3 Nc6 6. Bb5 Qb6 7. Qe2+ Be6 8.
O-O Nf6 9. dxc5 Bxc5 10. Nb3 Be7 11. Be3 Qc7 12. Nbd4 O-O 13. Rad1 Bg4 14. Nxc6
bxc6 15. Bd3 Bd6 16. h3 Bh5 17. c4 Rfe8 18. cxd5 Nxd5 19. g4 Nf4 20. Qc2 Nxh3+
21. Kg2 Bxg4 22. Bxh7+ Kf8 23. Rxd6 Rxe3 24. fxe3 Qxd6 25. Bf5 Bxf3+ 26. Rxf3
Ng5 27. Rf4 Qd5+ 28. Be4 Nxe4 29. Qxe4 Qxe4+ 30. Rxe4 Re8 31. Rc4 Rxe3 32. Rxc6
Re2+ 33. Kf3 Rxb2 34. Rc8+ Ke7 35. Rc7+ Kf6 36. Rxa7 g5 37. a4 Ra2 38. a5 Ra3+
39. Kg4 Ra4+ 40. Kg3 Ra3+ 41. Kg4 Ra4+ 42. Kg3 {Game drawn by mutual agreement}
1/2-1/2

[Event "Team 45 45 League T40"]
[Site "Internet Chess Club"]
[Date "2009.02.07"]
[Round "2"]
[White "kublai"]
[Black "kwameh72"]
[Result "1-0"]
[WhiteElo "1494"]
[BlackElo "1627"]
[Opening "QGD: Albin counter-gambit, 5.g3"]
[ECO "D09"]
[Time "18:00:13"]
[TimeControl "2700+45"]

1. d4 d5 2. c4 e5 3. dxe5 d4 4. Nf3 Nc6 5. g3 Bg4 6. Bg2 Qd7 7. O-O Bh3 8. e6
Qxe6 9. Nxd4 Nxd4 10. Qxd4 Bxg2 11. Kxg2 Nf6 12. f3 Qxe2+ 13. Rf2 Qe6 14. Qe3
Qxe3 15. Bxe3 b6 16. Re2 O-O-O 17. Nc3 a6 18. Rd2 Rxd2+ 19. Bxd2 Bc5 20. Re1 Re8
21. Rxe8+ Nxe8 22. Ne4 Bd4 23. b3 f5 24. Ng5 h6 25. Ne6 Bf6 26. Nf8 Kd8 27. Ng6
Kd7 28. h3 Nd6 29. g4 Ke6 30. Nf4+ Kd7 31. Nd5 Bb2 32. Bf4 fxg4 33. Bxd6 gxf3+
34. Kxf3 Kxd6 35. a4 Kc5 36. Nxc7 Kb4 37. Nxa6+ Kxb3 38. c5 bxc5 39. Nxc5+ Kb4
40. Ne6 Kxa4 41. Ke4 Kb5 42. Kf5 Kc6 43. Kg6 Kd5 44. Nxg7 Ke4 45. h4 Bc1 46. h5
Ke5 47. Nf5 Ke6 48. Nxh6 Bb2 49. Nf5 Kd7 50. h6 Bh8 51. Kf7 Ba1 52. Ng7 Kd8 53.
h7 Bxg7 {Black resigns} 1-0

[Event "Team 45 45 League T40"]
[Site "Internet Chess Club"]
[Date "2009.02.07"]
[Round "2"]
[White "Rhel"]
[Black "Just-Jim"]
[Result "1-0"]
[WhiteElo "1563"]
[BlackElo "1396"]
[Opening "QGD Slav: 3.Nf3"]
[ECO "D11"]
[Time "15:00:06"]
[TimeControl "2700+45"]

1. d4 d5 2. c4 c6 3. Nf3 Bg4 4. e3 Nf6 5. Nc3 e6 6. cxd5 exd5 7. Be2 Bb4 8. Bd2
Nbd7 9. O-O Bxc3 10. Bxc3 O-O 11. Nd2 Bxe2 12. Qxe2 b5 13. Bb4 Re8 14. Rfc1 a5
15. Bc5 b4 16. a3 Nxc5 17. Rxc5 Qb6 18. Qd3 Nd7 19. Rc2 c5 20. dxc5 Nxc5 21. Qd4
Rac8 22. Rac1 bxa3 23. bxa3 Qb5 24. Rxc5 Rxc5 25. Qxc5 Qb7 26. Qc7 Qb2 27. Qc6
Kf8 28. Qc5+ Kg8 29. Qc3 Qb5 30. Qd4 h6 31. Rc5 Qe2 32. Rxd5 Qe1+ 33. Nf1 Kh7
34. Qd1 Qc3 35. Qd3+ Qxd3 36. Rxd3 Rc8 37. Rd5 a4 38. Ra5 g5 39. g3 Rc4 40. Kg2
Kg6 41. Nd2 Rc2 42. Ne4 f5 43. Ra6+ Kg7 44. Nd6 Rc5 45. Rxa4 Rd5 46. Ra7+ Kg6
47. Ra6 Kh5 48. h3 {Black resigns} 1-0

[Event "Team 45 45 League T40"]
[Site "Internet Chess Club"]
[Date "2009.02.05"]
[Round "2"]
[White "Despair"]
[Black "playwaycool"]
[Result "0-1"]
[WhiteElo "1913"]
[BlackElo "2090"]
[Opening "Benko's opening"]
[ECO "A00"]
[Time "23:01:36"]
[TimeControl "2700+45"]

1. g3 d6 2. Bg2 e5 3. d4 exd4 4. Qxd4 Nf6 5. Bg5 Be7 6. Nc3 h6 7. Bf4 Nc6 8. Qa4
Bd7 9. O-O-O a6 10. Qb3 b5 11. Ne4 O-O 12. h4 Rb8 13. h5 a5 14. Kb1 a4 15. Qf3
b4 16. Qd3 b3 17. a3 bxc2+ 18. Qxc2 Nxe4 19. Bxe4 Bf6 20. Bxc6 Rxb2+ 21. Qxb2
Bxb2 22. Kxb2 Bxc6 23. Nf3 Qf6+ 24. Kc1 Qc3+ {White resigns} 0-1

[Event "Team 45 45 League T40"]
[Site "Internet Chess Club"]
[Date "2009.02.08"]
[Round "2"]
[White "carokantor"]
[Black "RyanRipley"]
[Result "1-0"]
[WhiteElo "1949"]
[BlackElo "1660"]
[Opening "Scotch: Göring gambit"]
[ECO "C44"]
[Time "14:04:18"]
[TimeControl "2700+45"]

1. e4 e5 2. Nf3 Nc6 3. d4 exd4 4. c3 Nf6 5. e5 Ne4 6. Bc4 dxc3 7. Qd5 Qe7 8.
Qxe4 d6 9. Nxc3 Nxe5 10. Nxe5 Qxe5 11. Qxe5+ dxe5 12. O-O Bd6 13. Rd1 Bd7 14.
Ne4 Ke7 15. b3 h6 16. Nxd6 cxd6 17. Ba3 {Black resigns} 1-0

[Event "Team 45 45 League T40"]
[Site "Internet Chess Club"]
[Date "2009.02.08"]
[Round "2"]
[White "quotha"]
[Black "Gunsmoke"]
[Result "1-0"]
[WhiteElo "1673"]
[BlackElo "1528"]
[Opening "Queen's pawn: Chigorin variation"]
[ECO "D00"]
[Time "14:39:42"]
[TimeControl "2700+45"]

1. d4 d5 2. Nc3 e6 3. Bf4 Bb4 4. Qd3 Nc6 5. O-O-O a6 6. f3 Qf6 7. Bg3 Ba5 8. e4
Bxc3 9. Qxc3 Nge7 10. Bxc7 dxe4 11. fxe4 O-O 12. Nf3 Bd7 13. Ne5 Nxe5 14. Bxe5
Qf2 15. Qb4 Nc6 16. Qxb7 Nxe5 17. dxe5 Ba4 18. Bd3 Rfc8 19. Rd2 Qe3 20. Qb4 Be8
21. Kd1 Bb5 22. Re1 Qf4 23. c4 Bc6 24. Qc3 Qxh2 25. Rf1 Rd8 26. Kc1 Ra7 27. Rfd1
Rad7 28. g4 Qf4 29. Bc2 h6 30. b4 g5 31. a4 Rxd2 32. Rxd2 Rxd2 33. Qxd2 Qxe5 34.
Qd8+ Kg7 35. b5 axb5 36. axb5 Bxb5 37. cxb5 Qxb5 38. Qd4+ e5 39. Qd5 Qf1+ 40.
Bd1 Qf4+ 41. Kb2 Qf2+ 42. Kc3 Qe3+ 43. Kc4 Qc1+ 44. Kb5 Qb2+ 45. Kc6 Qc3+ 46.
Kd7 f6 47. Ke6 Qd4 48. Qd7+ Qxd7+ 49. Kxd7 Kf7 50. Bb3+ Kg7 51. Ke6 Kg6 52. Ba4
Kg7 53. Be8 Kf8 54. Bh5 Kg7 55. Ke7 {Black resigns} 1-0

[Event "Team 45 45 League T40"]
[Site "Internet Chess Club"]
[Date "2009.02.05"]
[Round "2"]
[White "dkinla"]
[Black "pelayo"]
[Result "1/2-1/2"]
[WhiteElo "1598"]
[BlackElo "1713"]
[Opening "two knights defense: Bogolyubov variation"]
[ECO "C58"]
[Time "12:01:42"]
[TimeControl "2700+45"]

1. e4 e5 2. Nf3 Nc6 3. Bc4 Nf6 4. Ng5 d5 5. exd5 Na5 6. Bb5+ c6 7. dxc6 bxc6 8.
Qf3 Bb7 9. Be2 h6 10. Ne4 Be7 11. Nbc3 O-O 12. d3 c5 13. O-O Nc6 14. Rb1 Nd4 15.
Nxf6+ Bxf6 16. Qxb7 Nxc2 17. Be3 Nd4 18. Bxd4 exd4 19. Ne4 Be7 20. Qb3 Rb8 21.
Qc4 Rb4 22. Qc1 f5 23. Nd2 Qc7 24. Nc4 Bg5 25. Qc2 Re8 26. Bf3 Rbb8 27. Rfe1 Bf6
28. Qd2 g5 29. Qa5 Qxa5 30. Nxa5 Rxe1+ 31. Rxe1 Rxb2 32. g3 Kf8 33. Nb3 Rxa2 34.
Nxc5 g4 35. Nd7+ Kg7 36. Bd5 Rd2 37. Bc4 a5 38. Re6 a4 39. Ra6 Bd8 40. Rxa4 h5
41. Ra6 h4 42. Ra1 h3 43. Rf1 Bc7 44. Nc5 Kf6 45. Nb3 Rb2 46. Nxd4 Bb6 47. Ne6
Rd2 48. Nf4 Ke5 49. Nd5 Ba7 50. Ne3 Kf6 51. Ra1 Bd4 52. Ra5 Bxe3 53. fxe3 Rd1+
54. Kf2 Rd2+ 55. Ke1 Rxh2 56. d4 Rc2 57. Bd5 h2 58. Ra1 Ke7 59. Rd1 Kd6 60. Bh1
Kc7 61. Ba8 Kd6 62. Bh1 Rb2 63. Rc1 Ra2 64. Kd1 Rb2 65. Ke1 Ra2 66. Kf1 Rb2 67.
Rd1 Rc2 68. Re1 Rd2 69. Re2 Rd1+ 70. Kg2 f4 71. Kxh2 f3 72. Bxf3 gxf3 73. Rf2
Kd5 74. Kh3 Ke4 75. Kg4 Kxe3 76. Rxf3+ Kxd4 77. Rf2 Ke3 78. Rf7 Rd4+ 79. Kg5
Rd5+ 80. Rf5 Rd8 81. g4 Rg8+ 82. Kh4 Ke4 83. Rf1 Rh8+ 84. Kg3 Rg8 85. Rf2 Ke5
86. Rg2 Kf6 87. Kf4 Kg6 88. Rf2 Rf8+ 89. Kg3 Rxf2 90. Kxf2 Kg5 91. Kg3 Kg6 92.
Kf4 Kf6 93. g5+ Kg6 94. Kg4 Kg7 95. Kf5 Kf7 96. g6+ Kg7 97. Kg5 Kg8 98. Kf6 Kf8
99. g7+ Kg8 100. Kg6 {Black stalemated} 1/2-1/2

[Event "Team 45 45 League T40"]
[Site "Internet Chess Club"]
[Date "2009.02.07"]
[Round "2"]
[White "Klampin"]
[Black "CalyDeArgentina"]
[Result "1-0"]
[WhiteElo "1973"]
[BlackElo "1827"]
[Opening "King's Indian: Torre attack"]
[ECO "A48"]
[Time "11:00:41"]
[TimeControl "2700+45"]

1. d4 Nf6 2. Nf3 g6 3. Bg5 Bg7 4. Nbd2 O-O 5. e4 d6 6. Bd3 Nbd7 7. O-O c5 8. c3
Re8 9. Qe2 a6 10. e5 Nd5 11. e6 N7f6 12. exf7+ Kxf7 13. Bc4 Kf8 14. dxc5 dxc5
15. Ne5 e6 16. Qf3 Kg8 17. Rad1 Rf8 18. Ne4 Qe7 19. Rfe1 Nc7 20. Ng4 Nce8 21.
Qh3 b5 22. Nexf6+ Nxf6 23. Bxe6+ Bxe6 24. Rxe6 Qxe6 25. Nh6+ Bxh6 26. Qxe6+ Kg7
27. Bxf6+ {Black resigns} 1-0

[Event "Team 45 45 League T40"]
[Site "Internet Chess Club"]
[Date "2009.02.05"]
[Round "2"]
[White "calily"]
[Black "nursey"]
[Result "1-0"]
[WhiteElo "1661"]
[BlackElo "1691"]
[Opening "Giuoco Piano"]
[ECO "C54"]
[Time "13:35:42"]
[TimeControl "2700+45"]

1. e4 e5 2. Nf3 Nc6 3. Bc4 Bc5 4. c3 Nf6 5. d3 O-O 6. O-O d6 7. a4 Be6 8. Bxe6
fxe6 9. b4 Nxb4 10. cxb4 Bxb4 11. Qb3 a5 12. Qxe6+ Kh8 13. Ng5 Qd7 14. Bd2 Rae8
15. Qxd7 Nxd7 16. Be3 Nf6 17. h3 d5 18. Rc1 d4 19. Bd2 Re7 20. Bxb4 axb4 21. Rc4
b3 22. Nd2 b2 23. Rb1 h6 24. Ngf3 c6 25. Rxb2 g6 26. Rcb4 Rff7 27. Nc4 c5 28.
Rb6 Kg7 29. Ncxe5 Nd7 30. Nxd7 Rxd7 31. Ne5 c4 32. Nxf7 Rxf7 33. dxc4 d3 34. Kf1
Re7 35. Rxb7 Kf6 36. Rxe7 Kxe7 37. a5 {Black resigns} 1-0

[Event "Team 45 45 League T40"]
[Site "Internet Chess Club"]
[Date "2009.02.05"]
[Round "2"]
[White "rayonline53"]
[Black "alexcluster"]
[Result "1-0"]
[WhiteElo "1566"]
[BlackElo "1608"]
[Opening "Sicilian: Najdorf, Opocensky variation"]
[ECO "B92"]
[Time "16:00:04"]
[TimeControl "2700+45"]

1. e4 c5 2. Nf3 d6 3. d4 cxd4 4. Nxd4 Nf6 5. Nc3 a6 6. Be2 Qc7 7. Be3 e5 8. Nb3
Be6 9. Qd2 Be7 10. f3 Nc6 11. O-O-O b5 12. Bxb5 axb5 13. Nxb5 Qb8 14. Nxd6+ Bxd6
15. Qxd6 Qxd6 16. Rxd6 Na5 17. Nxa5 Rxa5 18. Rhd1 O-O 19. a3 h6 20. Rd8 Rxd8 21.
Rxd8+ Kh7 22. Kd2 Nd7 23. Kc3 Rb5 24. a4 Ra5 25. b3 Nc5 26. Kb4 Nb7 27. Rb8
{Black resigns} 1-0

[Event "Team 45 45 League T40"]
[Site "Internet Chess Club"]
[Date "2009.02.10"]
[Round "2"]
[White "Rainbird"]
[Black "tsia68"]
[Result "1/2-1/2"]
[WhiteElo "1799"]
[BlackElo "1907"]
[Opening "Réti v Dutch"]
[ECO "A04"]
[Time "16:02:53"]
[TimeControl "2700+45"]

1. Nf3 f5 2. g3 Nf6 3. Bg2 g6 4. O-O Bg7 5. d4 d6 6. b4 O-O 7. Bb2 c6 8. c4 Ne4
9. Qb3 Qe8 10. Nc3 Nxc3 11. Bxc3 e5 12. dxe5 dxe5 13. c5+ Be6 14. Qb2 Nd7 15.
Nxe5 Nxe5 16. Bxe5 Bxe5 17. Qxe5 Bc4 18. Qxe8 Rfxe8 19. Rfe1 Bxe2 20. Bf1 Bxf1
21. Kxf1 Kf7 22. Rad1 Rad8 23. Rxe8 Rxd1+ 24. Re1 Rd2 25. Re2 Rd4 26. a3 Rd3 27.
Ra2 Ke6 28. Re2+ Kf7 29. Ra2 Ke6 30. Re2+ Kd7 31. Ra2 a5 32. Ke1 Kc8 33. h4 axb4
34. axb4 Rb3 35. Ra8+ Kd7 36. Rh8 Rxb4 37. Rxh7+ Ke6 38. h5 gxh5 39. Rxh5 Rb5
40. Rh7 Kd5 41. Rf7 Ke4 42. Ke2 Rb2+ 43. Ke1 Rb1+ 44. Ke2 Rb2+ 45. Ke1 Rc2 46.
Rxb7 Rxc5 47. Rf7 Rc2 48. f3+ Ke3 49. Kd1 Rg2 50. Rxf5 Rxg3 51. f4 Rg4 52. Kc2
Ke4 53. Rc5 Rg6 54. f5 Rf6 55. Kc3 Ke3 56. Re5+ Kf4 57. Re6 Kxf5 58. Rxf6+ Kxf6
59. Kc4 Ke6 60. Kc5 Kd7 61. Kc4 Kc7 62. Kc5 Kd7 63. Kc4 Kd6 64. Kd4 {Game drawn
by mutual agreement} 1/2-1/2

[Event "Team 45 45 League T40"]
[Site "Internet Chess Club"]
[Date "2009.02.08"]
[Round "2"]
[White "Portola"]
[Black "SneakyRed"]
[Result "0-1"]
[WhiteElo "1813"]
[BlackElo "1934"]
[Opening "Torre attack (Tartakower variation)"]
[ECO "D03"]
[Time "14:02:37"]
[TimeControl "2700+45"]

1. d4 d5 2. Nf3 Nf6 3. Bg5 Nbd7 4. Nbd2 c6 5. c3 e6 6. e3 h6 7. Bh4 Be7 8. Bd3
c5 9. h3 Qb6 10. Qc2 c4 11. Be2 Qa5 12. Bg3 b5 13. O-O O-O 14. a3 Bb7 15. Nh2
Rfc8 16. Bf3 Qb6 17. Ng4 Nxg4 18. Bxg4 a5 19. Bf3 Nf6 20. e4 dxe4 21. Nxe4 Nxe4
22. Bxe4 Bxe4 23. Qxe4 Qc6 24. Qg4 Qd5 25. Be5 f6 26. Bf4 Kh7 27. Rfe1 Rc6 28.
h4 h5 29. Qh3 Raa6 30. Qg3 Qf5 31. d5 Qxd5 32. Rad1 Qf5 33. Rd7 Bf8 34. Red1 e5
35. Be3 Rd6 36. R7xd6 Rxd6 37. Rxd6 Bxd6 38. Bb6 b4 39. cxb4 axb4 40. axb4 Bxb4
41. Kh2 Qf4 42. Qxf4 exf4 43. Bd4 Kg6 44. f3 Kf5 45. Kh3 Bd2 46. g3 fxg3 47.
Kxg3 Bf4+ 48. Kh3 Be5 49. Bxe5 Kxe5 50. Kg3 g5 51. Kh3 Kf4 52. hxg5 fxg5 53. Kg2
Ke3 54. Kg3 Kd3 55. f4 gxf4+ 56. Kxf4 Kc2 {White resigns} 0-1

[Event "Team 45 45 League T40"]
[Site "Internet Chess Club"]
[Date "2009.02.07"]
[Round "2"]
[White "tryanything"]
[Black "Konstantinos"]
[Result "1/2-1/2"]
[WhiteElo "1658"]
[BlackElo "1694"]
[Opening "Sicilian: Smith-Morra gambit"]
[ECO "B21"]
[Time "03:04:06"]
[TimeControl "2700+45"]

1. e4 c5 2. d4 cxd4 3. c3 e6 4. cxd4 Nf6 5. Nc3 d6 6. Bb5+ Bd7 7. Bxd7+ Qxd7 8.
Nge2 Be7 9. O-O O-O 10. Ng3 Nc6 11. Be3 a6 12. Qe2 Rac8 13. Rfd1 Qc7 14. Rac1
Qb8 15. f4 Rfe8 16. Qf3 Bd8 17. f5 e5 18. d5 Ne7 19. Kh1 Ba5 20. Nh5 Nxh5 21.
Qxh5 Bxc3 22. bxc3 Rc4 23. Qg4 Kh8 24. h4 Ng8 25. h5 Nf6 26. Qh3 Rxe4 27. Bg5
Ng8 28. Qf3 Rc4 29. f6 h6 30. fxg7+ Kxg7 31. Be3 Qc8 32. Rf1 Qd7 33. Qe2 Rec8
34. Rf3 Qg4 35. Rcf1 f6 36. Qf2 Kh7 37. Qc2+ Qe4 38. Qxe4+ Rxe4 39. Bf2 Rec4 40.
Rc1 b5 41. a3 Ra4 42. Ra1 Rcc4 43. g3 Kg7 44. Kg2 Ne7 45. Rd3 f5 46. Be3 Ng8 47.
Bd2 Nf6 48. Rf3 Nxd5 49. Rxf5 Nxc3 50. Bxc3 Rxc3 51. Raf1 Rc7 52. Rf6 d5 53.
Rg6+ Kh7 54. Rff6 Rg7 55. Rxh6+ Kg8 56. Rxa6 Rxa6 57. Rxa6 d4 58. Re6 Rg5 59. h6
d3 60. Kf3 d2 61. Ke2 Rxg3 62. Kxd2 Rxa3 63. Rxe5 Kh7 64. Rxb5 {Game drawn by
mutual agreement} 1/2-1/2

[Event "Team 45 45 League T40"]
[Site "Internet Chess Club"]
[Date "2009.02.06"]
[Round "2"]
[White "primerpaso"]
[Black "charles-allen"]
[Result "0-1"]
[WhiteElo "1793"]
[BlackElo "1855"]
[Opening "English: Bremen, Smyslov system"]
[ECO "A22"]
[Time "21:00:55"]
[TimeControl "2700+45"]

1. c4 e5 2. Nc3 Nf6 3. g3 Bb4 4. Bg2 O-O 5. e4 Bxc3 6. bxc3 c6 7. Ne2 d5 8. cxd5
cxd5 9. exd5 Nxd5 10. O-O Nc6 11. f4 Qb6+ 12. Kh1 Rd8 13. f5 Ne3 14. Qa4 Nxf1
15. Bxf1 Bxf5 16. Bg2 Bd3 17. Ng1 Qf2 18. Qh4 Rd6 19. Nf3 Rh6 20. Qg5 e4 21. Ng1
Bf1 22. Bxf1 Qxh2# {White checkmated} 0-1

[Event "Team 45 45 League T40"]
[Site "Internet Chess Club"]
[Date "2009.02.12"]
[Round "2"]
[White "ShanghaiTom"]
[Black "CREDITorDEBIT"]
[Result "1-0"]
[WhiteElo "1752"]
[BlackElo "1708"]
[Opening "Sicilian: Smith-Morra gambit"]
[ECO "B21"]
[Time "20:47:09"]
[TimeControl "2700+45"]

1. e4 c5 2. d4 cxd4 3. c3 d5 4. Qxd4 dxe4 5. Qxe4 Nf6 6. Bb5+ Nbd7 7. Qd3 a6 8.
Ba4 b5 9. Bb3 e6 10. Bg5 Be7 11. Nf3 Qc7 12. Nbd2 Nc5 13. Qc2 Bb7 14. a4 Nxb3
15. Qxb3 Bd5 16. Qd1 Rd8 17. Qe2 O-O 18. O-O h6 19. Bh4 Qf4 20. Bg3 Qf5 21. axb5
Bxf3 22. Nxf3 Qxb5 23. Qxb5 axb5 24. Nd4 b4 25. Nc6 Rd7 26. Nxe7+ Rxe7 27. Bd6
Rb7 28. Bxf8 Kxf8 29. c4 b3 30. Ra8+ Ke7 31. Rfa1 Ne4 32. R8a7 Rd7 33. Rxd7+
Kxd7 34. Ra7+ Ke8 35. Rb7 Nd2 36. c5 g5 37. c6 f5 38. Rh7 Kd8 39. Rxh6 Nc4 40.
Rxe6 Nxb2 41. Re3 Nc4 42. Rxb3 Kc7 43. Rc3 Nb6 44. g3 Nd5 45. Rc1 f4 46. h4 fxg3
47. fxg3 gxh4 48. gxh4 Nf4 49. Kh2 Nd3 50. Rc3 Ne5 51. Kg3 Nf7 52. Kf4 Nh6 53.
Kg5 Nf7+ 54. Kf6 Nd6 55. Rc1 Ne4+ 56. Kg6 {Black resigns} 1-0

[Event "Team 45 45 League T40"]
[Site "Internet Chess Club"]
[Date "2009.02.10"]
[Round "2"]
[White "Mater"]
[Black "BraafPaard"]
[Result "1/2-1/2"]
[WhiteElo "1699"]
[BlackElo "1562"]
[Opening "Nimzo-Indian: three knights variation"]
[ECO "E21"]
[Time "19:02:17"]
[TimeControl "2700+45"]

1. d4 Nf6 2. c4 e6 3. Nc3 Bb4 4. Nf3 c5 5. a3 Bxc3+ 6. bxc3 cxd4 7. cxd4 d5 8.
e3 O-O 9. cxd5 exd5 10. Bd3 Bg4 11. O-O a6 12. Be2 b5 13. Bd2 Nc6 14. Rc1 Qd6
15. Ne5 Bxe2 16. Qxe2 Nxe5 17. Bb4 Qd8 18. Bxf8 Nc4 19. Bc5 Ne4 20. Qd3 Qg5 21.
Rfd1 Nb2 22. Qc2 Nxd1 23. Qxd1 Qf5 24. f3 Nf6 25. Bb4 Qe6 26. Bd2 Rc8 27. Rc5
Rxc5 28. dxc5 Qc6 29. Qc1 Nd7 30. Bb4 f5 31. Qc2 g6 32. Qc3 a5 33. Bxa5 Qxc5 34.
Kf2 Qxc3 35. Bxc3 Kf7 36. Bd4 Nb8 37. Ke2 Nc6 38. Kd3 Ke6 39. Bc5 Na5 40. e4 Nc6
41. g3 h5 42. h4 Ke5 43. f4+ Ke6 44. e5 Kd7 45. Bb4 Ke6 {Game drawn by mutual
agreement} 1/2-1/2

[Event "Team 45 45 League T40"]
[Site "Internet Chess Club"]
[Date "2009.02.08"]
[Round "2"]
[White "jazzyrick"]
[Black "cknights"]
[Result "0-1"]
[WhiteElo "1496"]
[BlackElo "1657"]
[Opening "Sicilian: Najdorf"]
[ECO "B90"]
[Time "18:59:45"]
[TimeControl "2700+45"]

1. e4 c5 2. Nf3 d6 3. d4 cxd4 4. Nxd4 Nf6 5. Nc3 a6 6. f3 e6 7. Be3 Nbd7 8. Qd2
Qc7 9. Be2 Be7 10. g4 h6 11. O-O-O b5 12. a3 Bb7 13. h4 Nh7 14. Kb1 Rc8 15. g5
h5 16. g6 fxg6 17. Rdg1 Nhf8 18. Rg2 Ne5 19. Bg5 Nc4 20. Bxc4 Qxc4 21. Bxe7 Kxe7
22. Rhg1 Ke8 23. Nde2 e5 24. Qxd6 Qc5 25. Qd2 Rd8 26. Qe1 a5 27. Rg5 b4 28. Qg3
Nd7 29. Rd1 bxc3 30. Rxd7 Kxd7 31. Rxe5 Qd6 32. Qh3+ Kc7 33. f4 Qd1+ 34. Nc1
cxb2 35. Qc3+ Kb8 36. Qxb2 Qd4 37. Qb5 Rd6 38. Nb3 Qb6 39. Qxa5 Qxa5 40. Nxa5
Ka7 41. Re7 Rb6+ 42. Kc1 Ka6 43. Nb3 Rf8 44. Nc5+ Ka7 45. Nd7 Rxf4 46. Nxb6 Kxb6
47. e5 Rxh4 48. Rxg7 Re4 49. Rxg6+ Kc5 50. Rg5 h4 51. Rh5 Kd5 52. Kb2 Bc8 53.
Kb3 Be6 54. Kc3 h3 55. Kd3 Rxe5 56. Rh8 Bg4 57. c4+ Kc6 58. Kd4 Rh5 {White
resigns} 0-1

[Event "Team 45 45 League T40"]
[Site "Internet Chess Club"]
[Date "2009.02.10"]
[Round "2"]
[White "Bega"]
[Black "Ianjo"]
[Result "1-0"]
[WhiteElo "1820"]
[BlackElo "1836"]
[Opening "French: Tarrasch, closed variation"]
[ECO "C05"]
[Time "14:01:17"]
[TimeControl "2700+45"]

1. e4 e6 2. d4 d5 3. Nd2 Nf6 4. Bd3 c5 5. c3 Nc6 6. Ngf3 Qb6 7. exd5 exd5 8.
Qe2+ Be7 9. dxc5 Qxc5 10. Nb3 Qd6 11. O-O O-O 12. Re1 Bg4 13. h3 Bh5 14. Bg5
Rfe8 15. Bxf6 Bxf6 16. Qxe8+ Rxe8 17. Rxe8+ {Black resigns} 1-0